 Dungeon Crawl Stone Soup version 0.13.2 (webtiles) character file.

245 FlaggTheMystic the Shooter (level 5, -21/35 HPs)
             Began as a High Elf Hunter on June 5, 2015.
             Was an Initiate of Fedhas.
             Demolished by a hill giant
             ... wielding a +0,+0 great mace
              (30 damage)
             ... on Level 5 of the Dungeon.
             The game lasted 00:15:08 (3052 turns).

FlaggTheMystic the Shooter (High Elf Hunter)        Turns: 3052, Time: 00:15:08

HP -21/35        AC  5     Str 11      XL: 5   Next: 19%
MP   7/7         EV 12     Int 15      God: Fedhas [......]
Gold 83          SH  0     Dex 16      Spells:  0 memorised,  4 levels left

Res.Fire  : . . .   See Invis. : .   g - +1,+2 orc dagger (venom)
Res.Cold  : . . .   Warding    : .   d - +0 elf leather armour
Life Prot.: . . .   Conserve   : .   (no shield)
Res.Poison: .       Res.Corr.  : .   (no helmet)
Res.Elec. : .       Clarity    : .   h - +0 cloak
Sust.Abil.: . .     Spirit.Shd : .   (no gloves)
Res.Mut.  : .       Stasis     : .   e - +0 pair of elf boots
Res.Rott. : .       Flight     : .   (no amulet)
Saprovore : . . .                    (no ring)
                                     (no ring)

@: slightly resistant to hostile enchantments, stealthy
A: no striking features
a: Renounce Religion


You were on level 5 of the Dungeon.
You worshipped Fedhas.
Fedhas was noncommittal.
You were not hungry.

You visited 1 branch of the dungeon, and saw 5 of its levels.

You collected 63 gold pieces.

Inventory:

Hand weapons
 b - a +1,+1 elven bow
 g - a +1,+2 orcish dagger of venom (weapon)
 p - a +0,+0 dwarven dagger (quivered)
 q - a +2,+0 dagger of chaos
Missiles
 c - 14 arrows
Armour
 d - a +0 elven leather armour (worn)
 e - a +0 pair of elven boots (worn)
 h - a +0 cloak (worn)
Comestibles
 m - an apple
Scrolls
 j - a scroll of amnesia {unknown}
 k - a scroll of remove curse
 n - a scroll of fog
 o - a scroll of teleportation {unknown}
 s - a scroll of identify
 t - a scroll of curse armour {unknown}
Potions
 a - a potion of brilliance
 f - a potion of heal wounds {unknown}
 i - 2 potions of paralysis
 l - a potion of mutation {unknown}
 r - a potion of degeneration {unknown}


   Skills:
 + Level 1.6 Fighting
 + Level 2.0 Short Blades
 + Level 6.4 Bows
 + Level 1.7 Armour
 + Level 3.1 Dodging
 + Level 2.1 Stealth


You had 4 spell levels left.
You didn't know any spells.

Dungeon Overview and Level Annotations

Branches:
Dungeon (5/27)
 Temple: D:4-7

Altars:
Fedhas
Makhleb
Sif Muna
Xom


Message History

You barely miss the bat zombie. The bat zombie hits you.
* * * LOW HITPOINT WARNING * * *
The bat zombie closely misses you.
You hit the bat zombie. The bat zombie closely misses you.
The bat zombie closely misses you.
The bat zombie hits you but does no damage.
You hit the bat zombie.
You destroy the bat zombie!
You hit the hill giant.
The hill giant is poisoned.
The hill giant is lightly wounded.
The hill giant barely misses you.
You hit the hill giant.
The hill giant looks even sicker.
The hill giant is lightly wounded.
The hill giant closely misses you.
You barely miss the hill giant.
The hill giant is lightly wounded.
The hill giant hits you with a great mace!
Ouch! That really hurt!
You die...
Fedhas appreciates your contribution to the ecosystem.

#.# #.# ###.#
#.####...###
#.##.......###
#C##......?..
#.##.......####
#.##........@.#
#..........##C#
#####.##...)?..##.#
...)....#.........#
####.[#C#.#########
#..#.#.# #..#.#.# .
##......# ...
#...[...# ...


You could see a hill giant.

Vanquished Creatures
  A crimson imp (D:4)
  Ijyb (D:2)
  5 adders
  3 giant geckos
  A bat zombie (D:5)
  2 giant cockroaches
  13 goblins
  2 hobgoblins
  4 jackals
  4 quokkas
  5 bats
  4 giant newts
  A jackal skeleton (D:4)
  5 kobolds
  6 rats
57 creatures vanquished.

Notes
Turn   | Place    | Note
--------------------------------------------------------------
     0 | D:1      | FlaggTheMystic, the High Elf Hunter, began the quest for the Orb.
     0 | D:1      | Reached XP level 1. HP: 14/14 MP: 1/1
   334 | D:1      | Reached XP level 2. HP: 2/19 MP: 2/2
   809 | D:1      | Reached skill level 6 in Bows
  1068 | D:2      | Noticed Ijyb
  1083 | D:2      | Killed Ijyb
  1083 | D:2      | Reached XP level 3. HP: 12/24 MP: 4/4
  1324 | D:2      | Reached skill level 1 in Armour
  1757 | D:3      | Reached XP level 4. HP: 18/29 MP: 6/6
  2138 | D:3      | Reached skill level 1 in Short Blades
  2782 | D:4      | Found a burning altar of Makhleb.
  2782 | D:4      | Found a shimmering altar of Xom.
  2797 | D:4      | Reached XP level 5. HP: 34/34 MP: 7/7
  2827 | D:4      | Found a deep blue altar of Sif Muna.
  2935 | D:5      | Entered Level 5 of the Dungeon
  2941 | D:5      | Found a blossoming altar of Fedhas.
  2950 | D:5      | Became a worshipper of Fedhas Madash
  3016 | D:5      | Noticed a hill giant
  3052 | D:5      | Demolished by a hill giant

Action                   |  1- 3 |  4- 6 || total
-------------------------+-------+-------++-------
Melee: Short sword       |    39 |       ||    39
       Dagger            |    57 |    84 ||   141
 Fire: Bow               |    22 |     6 ||    28
  Use: Scroll            |       |     6 ||     6
 Stab: Sleeping          |       |     1 ||     1
